 Dungeon Sprint DCSS version 0.18-a0-1164-g7046a04 (webtiles) character file.

2300 Kidiri the Thaumaturge (level 9, -2/54 HPs)
             Began as a Deep Elf Fire Elementalist on Jan 25, 2016.
             Was a High Priest of Vehumet.
             Incinerated by a smoke demon (5 damage)
             ... with a sticky flame
             ... in the Dungeon (Sprint VII: "The Pits").
             The game lasted 00:11:25 (1638 turns).

Kidiri the Thaumaturge (Deep Elf Fire Elementalist) Turns: 1638, Time: 00:11:25

Health: -2/54      AC:  7    Str:  5    XL:     9   Next: 17%
Magic:  27/27      EV: 20    Int: 23    God:    Vehumet [*****.]
Gold:   0          SH:  0    Dex: 16    Spells: 8 memorised, 4 levels left

rFire  . . .     SeeInvis .     p - staff of energy
rCold  . . .     Gourm    .     v - steam dragon hide
rNeg   . . .     Faith    .     (no shield)
rPois  .         Spirit   .     t - +0 helmet
rElec  .         Dismiss  .     u - +0 cloak
rCorr  .         Reflect  .     (no gloves)
SustAt .         Harm     .     (no boots)
MR     .....     NoTele   +     (no amulet)
Stlth  ++........               r - +3 ring of evasion
                                q - +3 ring of protection

@: liquid flames, glowing, not resistant to hostile enchantments, unstealthy
A: no striking features
a: Renounce Religion


You were in the Dungeon.
You worshipped Vehumet.
Vehumet was extremely pleased with you.
You were not hungry.

You visited 1 branch

Inventory:

Armour
 t - a +0 helmet (worn)
 u - a +0 cloak (worn)
 v - a steam dragon hide (worn)
 w - a +0 leather armour
Magical Staves
 p - an uncursed staff of energy (weapon)
Jewellery
 q - a +3 ring of protection (left hand)
 r - a +3 ring of evasion (right hand)
Scrolls
 i - a scroll of blinking
 m - 3 scrolls of remove curse
 n - 5 scrolls of amnesia
 o - a scroll of summoning
Potions
 d - 6 potions of curing
 e - 6 potions of heal wounds
 f - 2 potions of haste
 g - 2 potions of magic
 h - 4 potions of berserk rage
 l - 2 potions of invisibility
 s - a potion of agility
Books
 b - a book of Flames

   Spells                             Type                      Level
   a - Flame Tongue                   Conjuration/Fire             1
   b - Throw Flame                    Conjuration/Fire             2
   c - Conjure Flame                  Conjuration/Fire             3
   d - Inner Flame                    Hexes/Fire                   3
   e - Sticky Flame                   Conjuration/Fire             4
   f - Fireball                       Conjuration/Fire             5
Comestibles
 c - 7 bread rations
 j - 40 fruits
 k - 7 meat rations


   Skills:
 + Level 5.4 Fighting
 + Level 6.4 Staves
 + Level 8.3 Dodging
 + Level 9.0 Stealth
 * Level 12.2 Spellcasting
 + Level 7.3 Conjurations
 + Level 5.3 Hexes
 * Level 10.5 Fire Magic
 + Level 4.1 Air Magic
 + Level 4.4 Poison Magic


You had 4 spell levels left.
You knew the following spells:

 Your Spells              Type           Power        Failure   Level  Hunger
a - Flame Tongue          Conj/Fire      #####        1%          1    None
b - Throw Flame           Conj/Fire      ######       1%          2    None
c - Conjure Flame         Conj/Fire      ######..     1%          3    None
d - Inner Flame           Hex/Fire       ######..     1%          3    None
e - Sticky Flame          Conj/Fire      ######..     1%          4    None
f - Fireball              Conj/Fire      ######....   1%          5    None
g - Mephitic Cloud        Conj/Pois/Air  #####...     1%          3    None
h - Orb of Destruction    Conj           #####.....   75%         7    None


Dungeon Overview and Level Annotations

Branches:
Dungeon (1/1)

Altars:
Ashenzari
Cheibriados
Dithmenos
Elyvilon
Fedhas
Gozag
Kikubaaqudgha
Makhleb
Nemelex Xobeh
Okawaru
Pakellas
Qazlal
Ru
Sif Muna
Trog
Vehumet
Xom
Yredelemnul
Zin
The Shining One
Beogh
Jiyva
Lugonu


Message History

Drink which item? (? for menu, Esc to quit)
You feel much better. The smoke demon gestures at you.
The sticky flame hits you!
You are covered in liquid flames!
You open the door.
You are covered in liquid flames!
* * * LOW HITPOINT WARNING * * *
You are covered in liquid flames!
* * * LOW HITPOINT WARNING * * *
The smoke demon gestures at you. The sticky flame hits you!
You are covered in liquid flames!
* * * LOW HITPOINT WARNING * * *
There is an open door to the Storerooms (Easy) here.
You are covered in liquid flames!
* * * LOW HITPOINT WARNING * * *
As you close the door, it creaks loudly!
You are covered in liquid flames!
You die...

############ #__________#
#__________#
#_#####+##############++####
#_#)))+.+..##...............
#_#)))#.#?(##......#..#.....
#######+#####...............
#........).@+..3............
#+#####+#####......#..#.....
#.#...#.#..##...............
#.#...#.#))#####+#####''####
#.#...+.#))##.......##''###
#.##+####))##.......##....##
#.#.....#[[##.......##...##.
#.#.....#+###...<...##..##†.
#.#........##.......##..#...


There were no monsters in sight!

Vanquished Creatures
  A hornet (D)
  A hellwing (D)
  A jumping spider (D)
  A flying skull (D)
  Sigmund (D)
  A hippogriff (D)
  2 steam dragons (D)
  Edmund (D)
  A soldier ant (D)
  A water moccasin (D)
  A sky beast (D)
  2 gnoll sergeants (D)
  An orc priest (D)
  An orc wizard (D)
  A worker ant (D)
  7 gnolls (D)
  A river rat (D)
  2 adders (D)
  2 giant eyeballs (D)
  An ufetubus (D)
  A worm (D)
  A giant gecko (D)
  An orc (D)
  A bat zombie (D)
  A goblin (D)
  A kobold (D)
36 creatures vanquished.

Notes
Turn   | Place    | Note
--------------------------------------------------------------
     0 | D        | Kidiri the Deep Elf Fire Elementalist began the quest for the Orb.
     0 | D        | Reached XP level 1. HP: 10/10 MP: 6/6
    25 | D        | Found a sacrificial altar of Ru.
    25 | D        | Found a basalt altar of Yredelemnul.
    25 | D        | Found a shadowy altar of Dithmenos.
    25 | D        | Found a deep blue altar of Sif Muna.
    25 | D        | Found a burning altar of Makhleb.
    25 | D        | Found a shimmering altar of Xom.
    25 | D        | Found an ancient bone altar of Kikubaaqudgha.
    25 | D        | Found a sparkling altar of Nemelex Xobeh.
    27 | D        | Found a bloodstained altar of Trog.
    27 | D        | Found a corrupted altar of Lugonu.
    27 | D        | Found a viscous altar of Jiyva.
    44 | D        | Found a glowing golden altar of the Shining One.
    44 | D        | Found a glowing silver altar of Zin.
    51 | D        | Found a shattered altar of Ashenzari.
    51 | D        | Found a white marble altar of Elyvilon.
    51 | D        | Found a snail-covered altar of Cheibriados.
    51 | D        | Found a blossoming altar of Fedhas.
    51 | D        | Found a radiant altar of Vehumet.
    51 | D        | Found a roughly hewn altar of Beogh.
    51 | D        | Found an iron altar of Okawaru.
    52 | D        | Found an oddly glowing altar of Pakellas.
    57 | D        | Found a stormy altar of Qazlal.
    57 | D        | Found an opulent altar of Gozag.
    59 | D        | Became a worshipper of Vehumet
    82 | D        | Reached skill level 4 in Spellcasting
    82 | D        | Reached XP level 2. HP: 14/16 MP: 3/9
    86 | D        | Learned a level 2 spell: Throw Flame
   138 | D        | Paralysed by a giant eyeball for 4 turns
   145 | D        | Reached * piety under Vehumet
   145 | D        | Offered knowledge of Magic Dart by Vehumet.
   147 | D        | Reached skill level 1 in Fighting
   147 | D        | Reached skill level 1 in Staves
   258 | D        | Reached ** piety under Vehumet
   258 | D        | Reached XP level 3. HP: 20/20 MP: 8/11
   266 | D        | Learned a level 3 spell: Conjure Flame
   270 | D        | Learned a level 3 spell: Inner Flame
   285 | D        | Offered knowledge of Sting by Vehumet.
   324 | D        | Reached skill level 5 in Spellcasting
   324 | D        | Reached skill level 5 in Fire Magic
   469 | D        | Noticed a sky beast
   471 | D        | Noticed a water moccasin
   472 | D        | Noticed a gnoll sergeant
   473 | D        | Noticed Sigmund
   478 | D        | Killed a water moccasin
   478 | D        | Offered knowledge of Static Discharge by Vehumet.
   478 | D        | Reached skill level 5 in Stealth
   478 | D        | Reached skill level 7 in Spellcasting
   478 | D        | Reached XP level 4. HP: 25/27 MP: 0/15
   478 | D        | Reached XP level 5. HP: 28/31 MP: 0/16
   478 | D        | Reached *** piety under Vehumet
   478 | D        | Reached skill level 5 in Dodging
   479 | D        | Killed a sky beast
   479 | D        | Reached skill level 8 in Spellcasting
   479 | D        | Reached XP level 6. HP: 33/37 MP: 19/19
   484 | D        | Reached skill level 5 in Conjurations
   484 | D        | Reached **** piety under Vehumet
   484 | D        | Reached skill level 9 in Spellcasting
   484 | D        | Killed Sigmund
   484 | D        | Reached XP level 7. HP: 37/43 MP: 16/22
   660 | D        | Learned a level 4 spell: Sticky Flame
   666 | D        | Learned a level 5 spell: Fireball
   669 | D        | Offered knowledge of Mephitic Cloud by Vehumet.
   699 | D        | Learned a level 3 spell: Mephitic Cloud
   711 | D        | Offered knowledge of Bolt of Magma by Vehumet.
   711 | D        | Reached ***** piety under Vehumet
   711 | D        | Reached skill level 5 in Staves
   711 | D        | Reached skill level 10 in Spellcasting
   711 | D        | Reached skill level 1 in Hexes
   711 | D        | Reached skill level 1 in Air Magic
   711 | D        | Reached skill level 1 in Poison Magic
   947 | D        | Noticed Edmund
   947 | D        | Noticed a hornet
   952 | D        | Killed a hornet
   952 | D        | Offered knowledge of Orb of Destruction by Vehumet.
   952 | D        | Reached skill level 11 in Spellcasting
   952 | D        | Reached XP level 8. HP: 41/48 MP: 18/25
   956 | D        | Killed Edmund
  1069 | D        | Learned a level 7 spell: Orb of Destruction
  1168 | D        | Noticed a flying skull
  1185 | D        | Reached skill level 5 in Fighting
  1185 | D        | Reached skill level 10 in Fire Magic
  1203 | D        | Killed a flying skull
  1374 | D        | Noticed a hellwing
  1383 | D        | Killed a hellwing
  1383 | D        | Reached XP level 9. HP: 40/54 MP: 20/26
  1466 | D        | Noticed an efreet
  1468 | D        | Noticed a jumping spider
  1487 | D        | Offered knowledge of Poisonous Cloud by Vehumet.
  1487 | D        | Reached skill level 12 in Spellcasting
  1487 | D        | Reached skill level 5 in Hexes
  1541 | D        | Killed a jumping spider
  1602 | D        | Noticed a smoke demon
  1638 | D        | Incinerated by a smoke demon

Vault maps used:
D:        pitsprint

Action                   |  1- 3 |  4- 6 |  7- 9 || total
-------------------------+-------+-------+-------++-------
Melee: Staff             |     1 |       |     2 ||     3
 Cast: Flame Tongue      |    30 |     2 |    23 ||    55
       Inner Flame       |     2 |     3 |     4 ||     9
       Throw Flame       |     1 |     1 |    18 ||    20
       Conjure Flame     |     1 |       |    10 ||    11
       Sticky Flame      |       |       |     4 ||     4
       Mephitic Cloud    |       |       |     3 ||     3
       Fireball          |       |       |     1 ||     1
Evoke: Staff of energy   |       |       |     1 ||     1
  Use: Potion            |     2 |     1 |     7 ||    10
 Stab: Sleeping          |     1 |       |       ||     1
       Confused          |       |       |     1 ||     1
  Eat: Bread ration      |       |       |     1 ||     1
